 Dungeon Crawl Stone Soup version 0.29.1-1-gd02db6906a (webtiles) character file.

Game seed: 6338606328747370905

3426 necrobanana the Cleaver (level 9, 0/70 HPs)
             Began as a Minotaur Fighter on Oct 14, 2022.
             Was a Plaything of Xom.
             Killed from afar by a steam dragon (4 damage)
             ... with a ball of steam
             ... on level 7 of the Dungeon.
             The game lasted 00:24:38 (7030 turns).

necrobanana the Cleaver (Minotaur Fighter)          Turns: 7030, Time: 00:24:39

Health: 0/70       AC:  8    Str: 31 (32) XL:     9   Next: 76%
Magic:  8/8        EV: 11    Int:  3      God:    Xom [...*..]
Gold:   407        SH:  9    Dex:  9      Spells: 8/8 levels left

rFire   + + .      SeeInvis .   m - +4 war axe (chaos)
rCold   . . .      Faith    .   c - +0 buckler
rNeg    + + +      Spirit   .   k - +2 ring mail {rN+}
rPois   .          Reflect  .   (helmet restricted)
rElec   +          Harm     .   i - +1 cloak {Stlth+}
rCorr   +          Rampage  .   (no gloves)
Will    .....                   (no boots)
Stlth   ++........              d - amulet of regeneration
HPRegen 1.01/turn               w - ring "Dafum" {Fire rElec rN++ rCorr Int-2}
MPRegen 0.11/turn               u - +6 ring of strength

@: lethally poisoned (0 -> -1), marked, slowed, very slow
A: horns 2, retaliatory headbutt, talons 1, large bone plates 1, cold resistance
1, deformed body, deterioration 1, fire resistance 1, frail 1, subdued magic 1
a: Renounce Religion


You were on level 7 of the Dungeon.
You worshipped Xom.
You were a favourite toy of Xom.
You visited 1 branch of the dungeon, and saw 7 of its levels.
You also visited: Bailey.

You collected 407 gold pieces.

Inventory:

Hand Weapons
 a - a +0 war axe
 m - a +4 war axe of chaos (weapon)
 o - a +1 shortbow of freezing
 t - a +5 hand axe
Missiles
 l - 3 throwing nets (quivered)
Armour
 b - a +2 scale mail
 c - a +0 buckler (worn)
 i - a +1 cloak of stealth (worn)
 k - a +2 ring mail of positive energy (worn)
Jewellery
 d - an amulet of regeneration (around neck)
 h - a ring of flight
 r - an amulet of faith
 s - a ring of fire
 u - a +6 ring of strength (right hand)
 w - the ring "Dafum" (left hand) {Fire rElec rN++ rCorr Int-2}
   (You took it off a kobold in a bailey)

   [ring of fire]

   It enhances your fire magic.
   Int:       It affects your intelligence (-2).
   rF:        It protects you from fire.
   rC:        It makes you vulnerable to cold.
   rElec:     It insulates you from electricity.
   rN:        It greatly protects you from negative energy.
   rCorr:     It protects you from acid and corrosion.
Wands
 g - a wand of flame (12)
Scrolls
 e - 7 scrolls of teleportation
 p - a scroll of torment {unknown}
 q - a scroll of magic mapping {unknown}
 v - a scroll of amnesia
 x - a scroll of fear
Potions
 f - 3 potions of flight
 j - a potion of invisibility {unknown}
Miscellaneous
 n - a condenser vane (inert)


   Skills:
 + Level 6.6 Fighting
 * Level 12.3 Axes
 + Level 8.2 Armour
 + Level 3.4 Dodging
 + Level 2.1 Stealth
 + Level 5.5 Shields


You had 8 spell levels left.
You didn't know any spells.
Your spell library contained the following spells:

 Spells                   Type           Power      Damage    Failure   Level
 Beastly Appendage        Tmut           0%         N/A       67%         1
 Freeze                   Ice            0%         1d3       67%         1
 Static Discharge         Conj/Air       0%         3-3/arc   82%         2
 Wereblood                Tmut           0%         N/A       82%         2
 Frozen Ramparts          Ice            0%         1d1       96%         3
 Spider Form              Tmut/Pois      0%         N/A       96%         3
 Hailstorm                Conj/Ice       0%         3d3       100%        4
 Lightning Bolt           Conj/Air       0%         1d11      100%        5
 Maxwell's Capacitive Co  Air            0%         ∞         100%        8


Dungeon Overview and Level Annotations

Branches:
Dungeon (7/15)             Temple (0/1) D:4          Bailey (visited)

Altars:
Cheibriados
Dithmenos
Qazlal
Sif Muna
Trog
Vehumet
Xom
The Shining One

Shops:
D:2 (


Innate Abilities, Weirdness & Mutations

You have a pair of horns on your head.
You reflexively headbutt those who attack you in melee.
You have sharp toenails.
You are partially covered in large bone plates. (SH +4)
Your flesh is cold resistant. (rC+)
Armour fits poorly on your strangely shaped body.
Your body sometimes deteriorates upon taking damage.
Your flesh is heat resistant. (rF+)
You are frail. (-10% HP)
Your spells are a little easier to cast, but a little less powerful.


Message History

The ball of steam hits you. You resist.
You feel your intelligence returning.
You feel very sick. The steam dragon breathes steam at you.
The ball of steam hits you. You resist.
The jelly is engulfed in a cloud of scalding steam.
Things that are here:
a +0 shortbow; a scroll of identify; a centaur corpse
Aiming: Throw Flame
Press: ? - help, Shift-Dir - straight line, f - boulder beetle
Aim: a boulder beetle (rolling, 100% to hit)
The puff of flame hits the boulder beetle but does no damage.
You feel sick. The steam dragon breathes steam at you.
The ball of steam hits you. You resist. The hound bites you.
The boulder beetle hits you.
The boulder beetle stops rolling and uncurls.
The jelly barely misses you. You furiously retaliate!
You headbutt the jelly. The steam dragon closely misses you.
You block the steam dragon's attack. The hound barely misses you.
The boulder beetle bites you!!
* * * LOW HITPOINT WARNING * * *
Your body deteriorates!
You feel weakened. The jelly hits you but does no damage.
A boulder beetle comes into view.
The howler monkey hoots and howls with incredible vigour!
You slash the boulder beetle! You freeze the boulder beetle.
The boulder beetle is lightly wounded.
You slash the hound! Lightning courses through the hound!
You kill the hound!
You hit the jelly.
You kill the jelly!
You closely miss the steam dragon.
You feel sick. You block the steam dragon's attack. The steam dragon claws you.
* * * LOW HITPOINT WARNING * * *
The boulder beetle leaps!
An orc warrior comes into view. It is wielding a +0 long sword.
The steam dragon breathes steam at you. The ball of steam hits you. You resist.
You die...
Xom titters!

.##......[#......# ....
5#.......#......# ..
##.......#....########
#####........#....#.......
.......).....#....#.♣._.♣.
...)....)...§#...##.♣...♣.
............##...##.♣♣♣♣♣.
######....§.#....##.......
#.†)@..'....†###'''##
#..D○h.#....#........
#..)†..#....#........
#...O..#(...#........
#$..T..####'##....###
####..... ...#....#..
#BB.......#<...#..
#..o.)....#....#.. .......
#....#..


You could see 2 boulder beetles, a two-headed ogre, a troll, a steam dragon
(fast, catching breath), an orc warrior and a howler monkey (catching breath).

Vanquished Creatures
  Grinder (D:3)
  Duvessa (D:6)
  A water moccasin (D:7)
  6 orc warriors (Bailey)
  3 sky beasts (D:7)
  A black bear (D:4)
  An ogre (D:6)
  2 centaurs
  A kobold brigand (D:7)
  4 scorpions
  A bullfrog (D:7)
  3 wights (D:7)
  Dowan (D:6)
  6 killer bees (D:7)
  2 howler monkeys (D:7)
  10 hounds
  Crazy Yiuf (D:3)
  3 jellies
  An orc priest (D:5)
  4 iguanas
  3 orc wizards (D:7)
  Robin (D:2)
  4 gnolls
  9 adders
  A worm (D:4)
  5 dart slugs
  18 orcs
  3 bats
  4 endoplasms
  A giant cockroach (D:4)
  9 goblins
  12 hobgoblins
  2 jackals (D:4)
  7 quokkas
  5 ball pythons
  3 frilled lizards
  21 kobolds
  5 rats
166 creatures vanquished.

Vanquished Creatures (collateral kills)
  A phantom (D:2)
  Terence (D:2)
  2 gnolls (D:2)
  An endoplasm (D:2)
  3 hobgoblins (D:2)
  A quokka (D:2)
  A ball python (D:2)
  3 goblins (D:2)
13 creatures vanquished.

Vanquished Creatures (others)
  A gnoll (D:4)
  An orc zombie (D:7)
  4 fungi (D:3)
  5 plants (D:7)
11 creatures vanquished.

Grand Total: 190 creatures vanquished

Notes
Turn   | Place    | Note
-------+----------+-------------------------------------------
     0 | D:1      | necrobanana the Minotaur Fighter began the quest for the
                  | Orb.
     0 | D:1      | Reached XP level 1. HP: 19/19 MP: 0/0
    80 | D:1      | Found a faded altar of an unknown god.
   102 | D:1      | Prayed at the altar of an unknown god.
   102 | D:1      | Became a worshipper of Xom the Tricky
   110 | D:1      | XOM: silly message
   593 | D:1      | Reached XP level 2. HP: 27/27 MP: 1/1
   824 | D:1      | XOM: divination: detect creatures
   921 | D:1      | XOM: silly message
  1285 | D:1      | XOM: enchant monster (bad)
  1372 | D:2      | Noticed Robin
  1380 | D:2      | Reached XP level 3. HP: 33/33 MP: 2/2
  1392 | D:2      | XOM: summons 2 friendly demons
  1402 | D:2      | Reached skill level 3 in Axes
  1412 | D:2      | Gained mutation: Your flesh is cold resistant. (rC+)
                  | [potion of mutation]
  1412 | D:2      | Gained mutation: You expend magic power (3 MP) to
                  | strengthen your wands. [potion of mutation]
  1417 | D:2      | Killed Robin
  1547 | D:2      | Identified the +6 quarterstaff of Cocytus {flame, Fragile
                  | Str+6 SInv}
  1602 | D:2      | XOM: give mutations
  1602 | D:2      | Gained mutation: You are covered in fur. (AC +1) [Xom's
                  | grace]
  1602 | D:2      | Gained mutation: You possess an exceptional clarity of
                  | mind. [Xom's grace]
  1722 | D:2      | Reached XP level 4. HP: 30/40 MP: 3/3
  1734 | D:2      | Noticed a phantom
  1737 | D:2      | Killed a phantom
  1738 | D:2      | Reached skill level 4 in Axes
  1738 | D:2      | Reached skill level 1 in Dodging
  1738 | D:2      | Reached XP level 5. HP: 38/47 MP: 4/4
  1976 | D:2      | Found Ozxuru Taik's Weapon Emporium.
  1979 | D:2      | Noticed Terence
  1996 | D:2      | Killed Terence
  2278 | D:3      | Found a stormy altar of Qazlal.
  2467 | D:3      | Noticed Grinder
  2487 | D:3      | XOM: cleaving
  2488 | D:3      | Killed Grinder
  2489 | D:3      | Reached skill level 5 in Axes
  2489 | D:3      | Reached skill level 5 in Armour
  2489 | D:3      | Reached XP level 6. HP: 17/53 MP: 5/5
  2781 | D:3      | Found a runed translucent door.
  2782 | D:3      | Noticed Crazy Yiuf
  2789 | D:3      | Killed Crazy Yiuf
  3013 | D:3      | Reached skill level 6 in Axes
  3223 | D:3      | XOM: god gift: scroll of enchant armour
  3322 | D:4      | Found a staircase to the Ecumenical Temple.
  3505 | D:4      | XOM: divine lightning
  3513 | D:4      | Reached XP level 7. HP: 52/60 MP: 6/6
  3756 | D:4      | XOM: confuse monster(s)
  3808 | D:4      | Lost mutation: You are covered in fur. (AC +1) [potion of
                  | mutation]
  3808 | D:4      | Lost mutation: You possess an exceptional clarity of mind.
                  | [potion of mutation]
  3808 | D:4      | Gained mutation: You have sharp toenails. [potion of
                  | mutation]
  3808 | D:4      | Gained mutation: You are strong-willed. (Will+) [potion of
                  | mutation]
  3923 | D:4      | Found a glowing golden altar of the Shining One.
  4030 | D:4      | XOM: cleaving
  4320 | D:5      | Entered Level 5 of the Dungeon
  4332 | D:5      | Reached skill level 5 in Fighting
  4332 | D:5      | Reached skill level 7 in Axes
  4388 | D:5      | XOM: noise
  4390 | D:5      | XOM: summons 4 hostile shadow creatures
  4391 | D:5      | XOM: blink monster(s)
  4667 | D:5      | XOM: god gift: 43 gold pieces
  4730 | D:5      | XOM: noise
  4997 | D:5      | Reached skill level 8 in Axes
  5013 | D:5      | Reached XP level 8. HP: 68/68 MP: 7/7
  5333 | D:6      | Noticed Dowan
  5338 | D:6      | Noticed Duvessa
  5343 | D:6      | Killed Dowan
  5344 | D:6      | Killed Duvessa
  5482 | D:6      | XOM: 6-stop teleportation journey
  5605 | D:6      | Reached skill level 1 in Stealth
  5776 | D:6      | Reached skill level 9 in Axes
  5791 | D:6      | Found a shadowy altar of Dithmenos.
  5914 | D:6      | Reached skill level 5 in Shields
  6286 | D:7      | Found a shimmering altar of Xom.
  6331 | D:7      | Reached skill level 10 in Axes
  6418 | D:7      | Found a shimmering blue altar of Sif Muna.
  6436 | D:7      | Reached XP level 9. HP: 68/75 MP: 8/8
  6443 | D:7      | Found a snail-covered altar of Cheibriados.
  6476 | D:7      | XOM: confusion
  6503 | D:7      | Found a radiant altar of Vehumet.
  6509 | D:7      | Lost mutation: You are strong-willed. (Will+) [potion of
                  | mutation]
  6509 | D:7      | Lost mutation: You expend magic power (3 MP) to strengthen
                  | your wands. [potion of mutation]
  6509 | D:7      | Gained mutation: Your spells are a little easier to cast,
                  | but a little less powerful. [potion of mutation]
  6509 | D:7      | Gained mutation: You are partially covered in large bone
                  | plates. (SH +4) [potion of mutation]
  6509 | D:7      | Gained mutation: Armour fits poorly on your strangely
                  | shaped body. [potion of mutation]
  6509 | D:7      | Gained mutation: Your flesh is heat resistant. (rF+)
                  | [potion of mutation]
  6518 | D:7      | Found a flagged portal.
  6527 | Bailey   | Entered a bailey
  6607 | Bailey   | Identified the ring "Dafum" {Fire rElec rN++ rCorr Int-2}
  6612 | Bailey   | Reached skill level 11 in Axes
  6622 | Bailey   | XOM: chaos upgrade
  6627 | Bailey   | HP: 2/112 [orc warrior/+4 war axe of chaos (14)]
  6732 | Bailey   | XOM: give mutations
  6732 | Bailey   | Gained mutation: You are frail. (-10% HP) [Xom's mischief]
  6732 | Bailey   | Gained mutation: Your body sometimes deteriorates upon
                  | taking damage. [Xom's mischief]
  6948 | D:7      | Found a bloodstained altar of Trog.
  6995 | D:7      | XOM: silly message
  7024 | D:7      | Noticed a boulder beetle
  7026 | D:7      | Reached skill level 12 in Axes
  7026 | D:7      | Noticed a two-headed ogre
  7027 | D:7      | Noticed a troll
  7029 | D:7      | Noticed a boulder beetle
  7030 | D:7      | Killed from afar by a steam dragon

Illustrated notes

Levels and vault maps discovered:
D:1:      psy_arrival_radial02, layout_basic,
          hellmonk_ecumenical_altar_heavens_door
D:2:      layout_basic, serial_shops, shop, serial_curves, eino_curves_03,
          eino_curves_03, eino_curves_01, uniq_terence, uniq_robin
D:3:      layout_loops_corners, grunt_qazlal_clouds,
          dreamdust_mushroom_princess, minmay_quadrilaterals,
          uniq_crazy_yiuf_cottage, uniq_grinder
D:4:      layout_gridville, marbit_many_paths, minmay_temple_entry_mist
D:5:      layout_basic
D:6:      layout_basic, amcnicky_altar_gilded, st_stairs_9, uniq_duvessa
D:7:      cheibrodos_quashed, layout_gridville, mainiacjoe_overflow_paths,
          mainiacjoe_overflow_alcove_4, cheibriados_altar_1,
          nicolae_overflow_crystal_walls, old_standard_altar, enter_bailey_6,
          minmay_shattered_shrine

Skill      XL: |  1  2  3  4  5  6  7  8  9 |
---------------+----------------------------+-----
Shields        | 4 5 |  5.5
Armour         | 4 5 6 7 8 |  8.2
Fighting       | 4 5 6 |  6.6
Axes           | 3 4 5 6 8 10 12 | 12.3
Dodging        | 1 2 3 |  3.4
Stealth        | 1 2 |  2.1

Action                   |  1- 3 |  4- 6 |  7- 9 || total
-------------------------+-------+-------+-------++-------
Melee: War axe           |    82 |    94 |   186 ||   362
       Headbutt          |     9 |    13 |    45 ||    67
       Kick              |       |       |    49 ||    49
       Hand axe          |       |       |    72 ||    72
Evoke: Wand              |       |       |     2 ||     2
       Condenser vane    |       |       |     1 ||     1
  Use: Potion            |     7 |       |     7 ||    14
       Scroll            |     3 |     6 |     3 ||    12
 Stab: Confused          |       |       |     1 ||     1
       Sleeping          |       |       |     3 ||     3
       Distracted        |       |       |     1 ||     1
Armor: Scale mail        |    49 |    42 |    33 ||   124
       Ring mail         |       |       |    72 ||    72
       Skin              |       |       |     4 ||     4
Dodge: Dodged            |    45 |    38 |   127 ||   210
Block: Buckler           |    17 |    21 |    82 ||   120
